TOP OF THE 1ST |
Newark Black Sox batting - Pitching for Jamestown Falcons : RHP Curtis Coward
|
Pitching: RHP Curtis Coward
|
|
Batting: SHB Donnie Hill
|
0-0: Ball 1-0: Ball 2-0: Foul Ball, location: 2F 2-1: Called Strike 2-2: SINGLE (Groundball, 4, EV 103.8 MPH) (infield hit)
|
Batting: RHB Edwin Rodriguez
|
0-0: Ball 1-0: Called Strike 1-1: Called Strike 1-2: Ball 2-2: Foul Ball, location: 2F 2-2: Strikes out swinging Donnie Hill is caught stealing 2nd base 2-4 Batter strikes out.
|
Batting: LHB Jerry Schmid
|
0-0: Ball 1-0: Foul Ball, location: 2F 1-1: Ball 2-1: Foul Ball, location: 2F 2-2: Ball 3-2: Foul Ball, location: 2F 3-2: Foul Ball, location: 2F 3-2: Base on Balls
|
Batting: RHB Bernardo Brito
|
0-0: Called Strike 0-1: Ball Wild Pitch! Jerry Schmid to second 1-1: Fly out, F4 (Popup, 4MD, EV 58.1 MPH)
|
Top of the 1st over - 0 runs, 1 hit, 0 errors, 1 left on base; Newark 0 - Jamestown 0 |
BOTTOM OF THE 1ST |
Jamestown Falcons batting - Pitching for Newark Black Sox : RHP Carlos Cruz
|
Pitching: RHP Carlos Cruz
|
|
Batting: LHB Don Carter
|
0-0: Called Strike 0-1: SINGLE (Groundball, 34D, EV 99.4 MPH)
|
Batting: RHB William Murray
|
0-0: Ball Don Carter steals 2nd base 1-0: Ball 2-0: Ball 3-0: Called Strike 3-1: Foul Ball, location: 2F 3-2: Base on Balls
|
Batting: RHB Takashi Upshur
|
0-0: Called Strike 0-1: Foul Ball, location: 2F 0-2: Strikes out swinging
|
Batting: RHB Brandt Humphry
|
0-0: Called Strike 0-1: Ball 1-1: Ball 2-1: SINGLE (Line Drive, 78S, EV 91.9 MPH) Don Carter to third William Murray to second Runner from 3rd tries for Home, SAFE, no throw by LF
|
Batting: RHB Dennis Keating
|
0-0: Ball 1-0: Ball 2-0: Foul Ball, location: 2F 2-1: Called Strike 2-2: Foul Ball, location: 2F 2-2: Ball 3-2: Foul Ball, location: 2F 3-2: Strikes out looking
|
Batting: RHB Robert Parr
|
0-0: Ball 1-0: Called Strike 1-1: SINGLE (Line Drive, 6D, EV 99.4 MPH) William Murray to third Brandt Humphry to second Runner from 3rd tries for Home, SAFE, no throw by CF
|
Batting: RHB Dave Myers
|
0-0: Ball 1-0: Called Strike 1-1: Ball 2-1: Ball 3-1: Base on Balls Brandt Humphry to third Robert Parr to second
|
Batting: RHB Adalberto Flores
|
0-0: Swinging Strike 0-1: Ball 1-1: Ground out 4-3 (Groundball, 4MS, EV 71.3 MPH)
|
Bottom of the 1st over - 2 runs, 3 hits, 0 errors, 3 left on base; Newark 0 - Jamestown 2 |
TOP OF THE 2ND |
Newark Black Sox batting - Pitching for Jamestown Falcons : RHP Curtis Coward
|
Batting: RHB John Faccinto
|
0-0: DOUBLE (Line Drive, 3D, EV 93.8 MPH)
|
Batting: RHB Donn Koch
|
0-0: Foul Ball, location: 2F 0-1: Foul Ball, location: 2F 0-2: Ball 1-2: Ball 2-2: Strikes out swinging
|
Batting: RHB Michael Samuel
|
0-0: Called Strike 0-1: Called Strike 0-2: Ball 1-2: Strikes out swinging
|
Batting: LHB Epifano Martinez
|
0-0: Ball 1-0: Hit by Pitch
|
Batting: RHB Alberto Reyes
|
0-0: Ball 1-0: SINGLE (Groundball, 6MD, EV 105.6 MPH) John Faccinto to third Epifano Martinez to second Runner from 3rd tries for Home, SAFE, throw by CF to home
|
Batting: SHB Donnie Hill
|
0-0: Ball 1-0: Fly out, F8 (Flyball, 8LD, EV 82.5 MPH)
|
Top of the 2nd over - 1 run, 2 hits, 0 errors, 2 left on base; Newark 1 - Jamestown 2 |
BOTTOM OF THE 2ND |
Jamestown Falcons batting - Pitching for Newark Black Sox : RHP Carlos Cruz
|
Batting: RHB Wil Cepeda
|
0-0: Fly out, F9 (Flyball, 89M, EV 97.5 MPH)
|
Batting: LHB Don Carter
|
0-0: SINGLE (Groundball, 4D, EV 108.8 MPH)
|
Batting: RHB William Murray
|
0-0: Ball Don Carter steals 2nd base (no throw) 1-0: Ball 2-0: Ball Don Carter steals 3rd base 3-0: Called Strike 3-1: Base on Balls
|
Batting: RHB Takashi Upshur
|
0-0: Called Strike 0-1: Ball 1-1: Fielders Choice at 2nd, 4-6 (Groundball, 4, EV 83.1 MPH) Don Carter scores
|
Batting: RHB Brandt Humphry
|
0-0: Fielders Choice at 2nd, 5-4 (Groundball, 56, EV 101.9 MPH)
|
Bottom of the 2nd over - 1 run, 1 hit, 0 errors, 1 left on base; Newark 1 - Jamestown 3 |
TOP OF THE 3RD |
Newark Black Sox batting - Pitching for Jamestown Falcons : RHP Curtis Coward
|
Batting: RHB Edwin Rodriguez
|
0-0: Foul Ball, location: 2F 0-1: Foul Ball, location: 2F 0-2: Ball 1-2: SINGLE (Groundball, 4, EV 101.9 MPH) (infield hit)
|
Batting: LHB Jerry Schmid
|
0-0: Ball 1-0: Foul Ball, location: 2F 1-1: Ball 2-1: Fielders Choice at 2nd, 4-6 (Groundball, 4, EV 91.9 MPH)
|
Batting: RHB Bernardo Brito
|
0-0: Ball 1-0: Called Strike 1-1: Swinging Strike 1-2: Grounds into double play, 5-4-3 (Groundball, 5, EV 108.1 MPH)
|
Top of the 3rd over - 0 runs, 1 hit, 0 errors, 0 left on base; Newark 1 - Jamestown 3 |
BOTTOM OF THE 3RD |
Jamestown Falcons batting - Pitching for Newark Black Sox : RHP Carlos Cruz
|
Batting: RHB Dennis Keating
|
0-0: SINGLE (Line Drive, 4D, EV 95.6 MPH)
|
Batting: RHB Robert Parr
|
0-0: Ball 1-0: Called Strike 1-1: Swinging Strike 1-2: SINGLE (Groundball, 6MD, EV 95.6 MPH) Dennis Keating to second
|
Batting: RHB Dave Myers
|
0-0: Ball 1-0: Ball 2-0: Called Strike 2-1: Foul Ball, location: 2F 2-2: Foul Ball, location: 2F 2-2: Foul Ball, location: 2F 2-2: Strikes out swinging
|
Batting: RHB Adalberto Flores
|
0-0: Ball 1-0: Foul Ball, location: 2F 1-1: Reached on error, E5 (Groundball, 56S, EV 68.1 MPH) Dennis Keating scores Robert Parr to third
|
Batting: RHB Wil Cepeda
|
0-0: Called Strike 0-1: Called Strike 0-2: Foul Ball, location: 2F 0-2: Foul Ball, location: 2F 0-2: Strikes out swinging
|
Batting: LHB Don Carter
|
0-0: Ball 1-0: Ball 2-0: Ball 3-0: Base on Balls
|
Batting: RHB William Murray
|
0-0: Swinging Strike 0-1: Foul Ball, location: 2F 0-2: Foul Ball, location: 2F 0-2: Ball 1-2: Foul Ball, location: 2F 1-2: Ball 2-2: Ball 3-2: Fly out, F6 (Line Drive, 6, EV 68.1 MPH)
|
Bottom of the 3rd over - 1 run, 2 hits, 1 error, 3 left on base; Newark 1 - Jamestown 4 |
TOP OF THE 4TH |
Newark Black Sox batting - Pitching for Jamestown Falcons : RHP Curtis Coward
|
Batting: RHB John Faccinto
|
0-0: Called Strike 0-1: Ball 1-1: Foul Ball, location: 2F 1-2: Foul Ball, location: 2F 1-2: Foul Ball, location: 2F 1-2: Fly out, F3 (Popup, 34S, EV 80.6 MPH)
|
Batting: RHB Donn Koch
|
0-0: Ground out 1-3 (Groundball, 34S, EV 69.4 MPH)
|
Batting: RHB Michael Samuel
|
0-0: Ball 1-0: Ball 2-0: Called Strike 2-1: Foul Ball, location: 2F 2-2: SINGLE (Line Drive, 6D, EV 94.4 MPH)
|
Batting: LHB Epifano Martinez
|
0-0: SINGLE (Line Drive, 8LS, EV 101.3 MPH) Michael Samuel to second
|
Batting: RHB Alberto Reyes
|
0-0: Foul Ball, location: 2F 0-1: Called Strike 0-2: Ball 1-2: SINGLE (Flyball, 8LS, EV 86.3 MPH) Michael Samuel to third Epifano Martinez to second Runner from 3rd tries for Home, SAFE, throw by CF to home Epifano Martinez to third Alberto Reyes to second
|
Batting: SHB Donnie Hill
|
0-0: Ball 1-0: Called Strike 1-1: Called Strike 1-2: Ball 2-2: Foul Ball, location: 2F 2-2: Fly out, F7 (Line Drive, 7, EV 106.3 MPH)
|
Top of the 4th over - 1 run, 3 hits, 0 errors, 2 left on base; Newark 2 - Jamestown 4 |
BOTTOM OF THE 4TH |
Jamestown Falcons batting - Pitching for Newark Black Sox : RHP Carlos Cruz
|
Batting: RHB Takashi Upshur
|
0-0: Ball 1-0: SINGLE (Line Drive, 4MD, EV 106.3 MPH)
|
Batting: RHB Brandt Humphry
|
0-0: Ball Takashi Upshur steals 2nd base (no throw) 1-0: Swinging Strike 1-1: Ball 2-1: Ball 3-1: Foul Ball, location: 2F 3-2: Foul Ball, location: 2F 3-2: Foul Ball, location: 2F 3-2: Fly out, F3 (Popup, 34, EV 75.6 MPH)
|
Batting: RHB Dennis Keating
|
0-0: Ball 1-0: Ground out 5-3 (Groundball, 56, EV 85.0 MPH)
|
Batting: RHB Robert Parr
|
0-0: Ball 1-0: Ball 2-0: Ball 3-0: Called Strike 3-1: Base on Balls
|
Batting: RHB Dave Myers
|
0-0: Ball 1-0: Ball 2-0: Fly out, F9 (Flyball, 9D, EV 105.0 MPH)
|
Bottom of the 4th over - 0 runs, 1 hit, 0 errors, 2 left on base; Newark 2 - Jamestown 4 |
TOP OF THE 5TH |
Newark Black Sox batting - Pitching for Jamestown Falcons : RHP Curtis Coward
|
Batting: RHB Edwin Rodriguez
|
0-0: Called Strike 0-1: Ball 1-1: Foul Ball, location: 2F 1-2: Ball 2-2: Ball 3-2: Base on Balls
|
Batting: LHB Jerry Schmid
|
0-0: Called Strike 0-1: Ball 1-1: Ball Edwin Rodriguez steals 2nd base 2-1: SINGLE (Line Drive, 34D, EV 98.8 MPH) Edwin Rodriguez to third Runner from 3rd tries for Home, SAFE, no throw by RF
|
Batting: RHB Bernardo Brito
|
0-0: Ball Jerry Schmid steals 2nd base 1-0: Fly out, F7 (Flyball, 7S, EV 77.5 MPH)
|
Batting: RHB John Faccinto
|
0-0: Ground out 6-3 (Groundball, 6, EV 103.8 MPH)
|
Batting: RHB Donn Koch
|
0-0: Ball 1-0: Ball 2-0: Ball 3-0: Base on Balls
|
Batting: RHB Michael Samuel
|
0-0: Ball 1-0: Reached on error, E5 (Groundball, 56, EV 98.8 MPH) Jerry Schmid to third Donn Koch to second
|
Batting: LHB Epifano Martinez
|
0-0: Foul Ball, location: 2F 0-1: Fly out, F9 (Flyball, 9LS, EV 79.4 MPH)
|
Top of the 5th over - 1 run, 1 hit, 1 error, 3 left on base; Newark 3 - Jamestown 4 |
BOTTOM OF THE 5TH |
Jamestown Falcons batting - Pitching for Newark Black Sox : RHP Carlos Cruz
|
Batting: RHB Adalberto Flores
|
0-0: Called Strike 0-1: Ball 1-1: Foul Ball, location: 2F 1-2: Foul Ball, location: 2F 1-2: Strikes out swinging
|
Batting: RHB Wil Cepeda
|
0-0: Ground out 6-3 (Groundball, 6, EV 83.8 MPH)
|
Batting: LHB Don Carter
|
0-0: Foul Ball, location: 2F 0-1: Ball 1-1: Ball 2-1: Foul Ball, location: 2F 2-2: Ball 3-2: Foul Ball, location: 2F 3-2: Ground out 4-3 (Groundball, 4, EV 87.5 MPH)
|
Bottom of the 5th over - 0 runs, 0 hits, 0 errors, 0 left on base; Newark 3 - Jamestown 4 |
TOP OF THE 6TH |
Newark Black Sox batting - Pitching for Jamestown Falcons : RHP Curtis Coward
|
Batting: RHB Alberto Reyes
|
0-0: Ground out 6-3 (Groundball, 6, EV 108.1 MPH)
|
Batting: SHB Donnie Hill
|
0-0: Ball 1-0: Ball 2-0: Ball 3-0: Base on Balls
|
Batting: RHB Edwin Rodriguez
|
0-0: Ball 1-0: Ball 2-0: Called Strike 2-1: Ball Donnie Hill is caught stealing 2nd base 2-4 3-1: Foul Ball, location: 2F 3-2: Foul Ball, location: 2F 3-2: Base on Balls
|
Batting: LHB Jerry Schmid
|
0-0: Ball 1-0: Foul Ball, location: 2F 1-1: Ball 2-1: Called Strike 2-2: Ground out 4-3 (Groundball, 4, EV 80.0 MPH)
|
Top of the 6th over - 0 runs, 0 hits, 0 errors, 1 left on base; Newark 3 - Jamestown 4 |
BOTTOM OF THE 6TH |
Jamestown Falcons batting - Pitching for Newark Black Sox : RHP Carlos Cruz
|
Batting: RHB William Murray
|
0-0: Called Strike 0-1: Ball 1-1: Fly out, F7 (Flyball, 7LM, EV 89.4 MPH)
|
Batting: RHB Takashi Upshur
|
0-0: Ball 1-0: Ball 2-0: Called Strike 2-1: Ball 3-1: Foul Ball, location: 2F 3-2: Base on Balls
|
Pitching: RHP Chuck Davis
|
|
Batting: RHB Brandt Humphry
|
0-0: Foul Ball, location: 2F 0-1: Ball 1-1: Called Strike 1-2: Ball 2-2: Ball 3-2: Foul Ball, location: 2F 3-2: Base on Balls Takashi Upshur to second
|
Batting: RHB Dennis Keating
|
0-0: Called Strike 0-1: Foul Ball, location: 2F 0-2: Ball 1-2: Foul Ball, location: 2F 1-2: Strikes out swinging
|
Batting: RHB Robert Parr
|
0-0: Called Strike 0-1: Ball 1-1: Ball 2-1: Fly out, F9 (Flyball, 89S, EV 72.5 MPH)
|
Bottom of the 6th over - 0 runs, 0 hits, 0 errors, 2 left on base; Newark 3 - Jamestown 4 |
TOP OF THE 7TH |
Newark Black Sox batting - Pitching for Jamestown Falcons : RHP Curtis Coward
|
Batting: RHB Bernardo Brito
|
0-0: Ball 1-0: Ball 2-0: Foul Ball, location: 2F 2-1: Called Strike 2-2: Strikes out swinging
|
Batting: RHB John Faccinto
|
0-0: Ball 1-0: Swinging Strike 1-1: Ball 2-1: Ball 3-1: Base on Balls
|
Batting: RHB Donn Koch
|
0-0: Ball 1-0: Ball 2-0: Foul Ball, location: 2F 2-1: Ball 3-1: Base on Balls John Faccinto to second
|
Pinch Runner at 2nd Rafael Belliard:
|
|
Batting: RHB Michael Samuel
|
0-0: Called Strike Donn Koch steals 2nd base Rafael Belliard steals 3rd base 0-1: Called Strike 0-2: Ball 1-2: Foul Ball, location: 2F 1-2: Ball 2-2: Ball 3-2: Foul Ball, location: 2F 3-2: Ground out 5-3 (Groundball, 56, EV 86.9 MPH) Rafael Belliard scores
|
Batting: LHB Epifano Martinez
|
0-0: Called Strike 0-1: Fly out, F9 (Flyball, 9S, EV 90.0 MPH)
|
Top of the 7th over - 1 run, 0 hits, 0 errors, 1 left on base; Newark 4 - Jamestown 4 |
BOTTOM OF THE 7TH |
Jamestown Falcons batting - Pitching for Newark Black Sox : RHP Chuck Davis
|
Now at 3B: Ferdinand Rivera
|
|
Batting: RHB Dave Myers
|
0-0: Ball 1-0: Ball 2-0: Ball 3-0: Called Strike 3-1: Foul Ball, location: 2F 3-2: Foul Ball, location: 2F 3-2: Foul Ball, location: 2F 3-2: Foul Ball, location: 2F 3-2: Ground out 5-3 (Groundball, 56S, EV 83.8 MPH)
|
Batting: RHB Adalberto Flores
|
0-0: Swinging Strike 0-1: SINGLE (Line Drive, 6MD, EV 97.5 MPH)
|
Batting: RHB Wil Cepeda
|
0-0: Ball 1-0: Called Strike 1-1: Fly out, F9 (Flyball, 9S, EV 91.9 MPH)
|
Batting: LHB Don Carter
|
0-0: Ball 1-0: Foul Ball, location: 2F 1-1: Called Strike 1-2: Foul Ball, location: 2F 1-2: Foul Ball, location: 2F 1-2: Strikes out swinging
|
Bottom of the 7th over - 0 runs, 1 hit, 0 errors, 1 left on base; Newark 4 - Jamestown 4 |
TOP OF THE 8TH |
Newark Black Sox batting - Pitching for Jamestown Falcons : RHP Curtis Coward
|
Batting: RHB Alberto Reyes
|
0-0: Called Strike 0-1: Ball 1-1: Ground out 6-3 (Groundball, 56, EV 103.1 MPH)
|
Batting: SHB Donnie Hill
|
0-0: Ball 1-0: Ground out 6-3 (Groundball, 6S, EV 86.3 MPH)
|
Batting: RHB Edwin Rodriguez
|
0-0: Ball 1-0: Ball 2-0: Called Strike 2-1: SINGLE (Flyball, 89M, EV 100.0 MPH)
|
Batting: LHB Jerry Schmid
|
0-0: Called Strike 0-1: Ball 1-1: Swinging Strike 1-2: Ball 2-2: Ball Edwin Rodriguez steals 2nd base 3-2: Ground out 5-3 (Groundball, 56, EV 96.9 MPH)
|
Top of the 8th over - 0 runs, 1 hit, 0 errors, 1 left on base; Newark 4 - Jamestown 4 |
BOTTOM OF THE 8TH |
Jamestown Falcons batting - Pitching for Newark Black Sox : RHP Chuck Davis
|
Batting: RHB William Murray
|
0-0: DOUBLE (Flyball, 78D, EV 94.4 MPH)
|
Batting: RHB Takashi Upshur
|
0-0: Foul Ball, location: 2F 0-1: Ball 1-1: Foul Ball, location: 2F 1-2: SINGLE (Groundball, 4MD, EV 103.1 MPH) William Murray to third
|
Batting: RHB Brandt Humphry
|
0-0: 3-RUN HOME RUN (Flyball, 7LD, EV 90.6 MPH), Distance : 348 ft
|
Pitching: RHP Peter Conaty
|
|
Batting: RHB Dennis Keating
|
0-0: Foul Ball, location: 2F 0-1: DOUBLE (Line Drive, 9LM, EV 108.1 MPH)
|
Batting: RHB Robert Parr
|
0-0: Called Strike 0-1: Foul Ball, location: 2F 0-2: Strikes out looking
|
Batting: RHB Dave Myers
|
0-0: Intentional Walk
|
Batting: RHB Adalberto Flores
|
0-0: SINGLE (Flyball, 8RS, EV 95.0 MPH) Dennis Keating to third Dave Myers to second
|
Batting: RHB Wil Cepeda
|
0-0: Foul Ball, location: 2F 0-1: Foul Ball, location: 2F 0-2: Ball 1-2: Foul Ball, location: 2F 1-2: Ball 2-2: Ball 3-2: Fly out, F8 (Flyball, 8RD, EV 90.0 MPH) Runner from 3rd tags up, SCORES, throw by CF Dave Myers to third
|
Batting: LHB Don Carter
|
0-0: Ball 1-0: Ball 2-0: SINGLE (Groundball, 6D, EV 102.5 MPH) Dave Myers scores Adalberto Flores to second
|
Batting: RHB William Murray
|
0-0: Fielders Choice at 2nd, 6-4 (Groundball, 6, EV 76.3 MPH)
|
Bottom of the 8th over - 5 runs, 6 hits, 0 errors, 2 left on base; Newark 4 - Jamestown 9 |
TOP OF THE 9TH |
Newark Black Sox batting - Pitching for Jamestown Falcons : RHP Curtis Coward
|
Batting: RHB Bernardo Brito
|
0-0: Foul Ball, location: 2F 0-1: DOUBLE (Line Drive, 5D, EV 93.8 MPH)
|
Pitching: LHP Mike King
|
|
Batting: RHB Ferdinand Rivera
|
0-0: Called Strike 0-1: Fly out, F7 (Flyball, 78M, EV 80.0 MPH)
|
Batting: RHB Donn Koch
|
0-0: Foul Ball, location: 2F 0-1: Ball 1-1: Ball 2-1: Foul Ball, location: 2F 2-2: Ball 3-2: Base on Balls
|
Batting: RHB Michael Samuel
|
0-0: Called Strike 0-1: Ball 1-1: Swinging Strike 1-2: Ball 2-2: Strikes out swinging
|
Batting: LHB Epifano Martinez
|
0-0: Called Strike 0-1: Swinging Strike 0-2: Ball 1-2: Ball 2-2: Strikes out swinging
|
Top of the 9th over - 0 runs, 1 hit, 0 errors, 2 left on base; Newark 4 - Jamestown 9 |
|